 Dungeon Crawl Stone Soup version 0.24.0-123-gd5b16e6ec5 (webtiles) character file.

Game seed: 8818205100941048091, levelgen mode: deterministic

4103 vurker the Zephyrmancer (level 10, -1/59 HPs)
             Began as a Tengu Air Elementalist on Feb 1, 2020.
             Was a Follower of Vehumet.
             Slain by a wolf (3 damage)
             ... led by Grum
             ... on level 8 of the Dungeon.
             The game lasted 00:15:06 (11647 turns).

vurker the Zephyrmancer (Tengu Air Elementalist)   Turns: 11647, Time: 00:15:06

Health: -1/59      AC:  6    Str:  5    XL:     10   Next: 26%
Magic:  1/21       EV: 17    Int: 22    God:    Vehumet [*.....]
Gold:   457        SH:  7    Dex: 14    Spells: 13/23 levels left

rFire    . . .     SeeInvis +   r - +2 whip (elec)
rCold    . . .     Gourm    .   i - +2 buckler
rNeg     . . .     Faith    .   A - +0 robe "Umewnol" {rPois Str-3 Int+2 SInv} (curse)
rPois    +         Spirit   .   (helmet restricted)
rElec    .         Reflect  .   g - +0 cloak
rCorr    .         Harm     .   p - +2 pair of gloves
MR       .....                  (boots unavailable)
Stlth    +++.......             (no amulet)
HPRegen  0.19/turn              v - +2 ring of evasion
MPRegen  0.17/turn              u - ring of stealth

@: flying quickly and evasively, quick
A: beak, talons 3, able to fly
a: Stop Flying, Renounce Religion


You were on level 8 of the Dungeon.
You worshipped Vehumet.
Vehumet was aware of your devotion.
You were not hungry.

You visited 2 branches of the dungeon, and saw 9 of its levels.
You also visited: Sewer.

You collected 457 gold pieces.

Inventory:

Hand Weapons
 r - a +2 whip of electrocution (weapon)
   (You took it off Pikel on level 6 of the Dungeon)
Missiles
 h - 3 throwing nets (quivered)
Armour
 g - a +0 cloak (worn)
   (You found it on level 5 of the Dungeon)
 i - a +2 buckler (worn)
   (You found it on level 1 of the Dungeon)
 p - a +2 pair of gloves (worn)
   (You found it on level 3 of the Dungeon)
 A - the cursed +0 robe "Umewnol" (worn) {rPois Str-3 Int+2 SInv}
   (You found it on level 7 of the Dungeon)

   It affects your strength (-3).
   It affects your intelligence (+2).
   It protects you from poison.
   It lets you see invisible.
   It has a curse placed upon it.
Jewellery
 u - a ring of stealth (right hand)
   (You found it on level 6 of the Dungeon)
 v - a +2 ring of evasion (left hand)
   (You found it on level 4 of the Dungeon)
Wands
 d - a wand of iceblast (5)
   (You took it off an orc wizard on level 5 of the Dungeon)
 l - a wand of polymorph (6)
   (You took it off Ijyb on level 3 of the Dungeon)
 t - a wand of flame (18)
   (You took it off a crimson imp on level 6 of the Dungeon)
 x - a wand of acid (9)
   (You found it on level 8 of the Dungeon)
Scrolls
 a - a scroll of noise {unknown}
 c - a scroll of fear
 f - a scroll of blinking
 j - 3 scrolls of teleportation
 m - 10 scrolls of remove curse
 q - a scroll of amnesia
 w - a scroll of immolation {unknown}
 y - 2 scrolls of magic mapping
 C - 3 scrolls of identify
Potions
 b - 2 potions of cancellation
 k - 3 potions of haste
 n - 4 potions of brilliance
 o - a potion of agility {unknown}
 s - a potion of curing
 z - a potion of resistance
 B - a potion of invisibility {unknown}
 E - a potion of ambrosia {unknown}
Comestibles
 e - 16 rations
 D - 5 chunks of flesh


   Skills:
 + Level 5.0 Fighting
 - Level 2.1 Dodging
 - Level 2.0 Stealth
 - Level 4.1 Shields
 * Level 7.1 Spellcasting
 * Level 9.7 Conjurations
 * Level 10.4 Air Magic


You had 13 spell levels left.
You knew the following spells:

 Your Spells              Type           Power        Failure   Level  Hunger
a - Shock                 Conj/Air       ####         1%          1    None
b - Lightning Bolt        Conj/Air       ######....   3%          5    #####..
c - Airstrike             Air            ######....   1%          4    ###....

Your spell library contained the following spells:

 Spells                   Type           Power        Failure   Level  Hunger
 Freeze                   Ice            #...         9%          1    None
 Magic Dart               Conj           ####         1%          1    None
 Searing Ray              Conj           ######       1%          2    None
 Swiftness                Chrm/Air       ####....     1%          2    None
 Mephitic Cloud           Conj/Pois/Air  #####...     1%          3    None
 Static Discharge         Conj/Air       ######..     1%          3    None
 Iskenderun's Mystic Bla  Conj           ######..     1%          4    ###....
 Conjure Flame            Conj/Fire      ####....     3%          3    None
 Dazzling Spray           Conj/Hex       ####..       3%          3    None
 Force Lance              Conj/Tloc      ####....     11%         4    ###....
 Fulminant Prism          Conj/Hex       ####......   11%         4    ###....
 Blink                    Tloc           N/A          12%         2    None
 Call Imp                 Summ           #.......     12%         2    None
 Slow                     Hex            #.......     12%         2    None


Dungeon Overview and Level Annotations

Branches:
Dungeon (8/15)             Temple (1/1) D:6           Sewer (visited)
   Lair: D:8-11

Altars:
Ashenzari
Cheibriados
Dithmenos
Elyvilon
Fedhas
Hepliaklqana
Makhleb
Nemelex Xobeh
Okawaru
Ru
Sif Muna
Trog
Uskayaw
Vehumet
Wu Jian
Xom
Yredelemnul
Zin
The Shining One

Shops:
D:7 *


Innate Abilities, Weirdness & Mutations

You have a beak for a mouth.
You have claws for feet.
You can fly continuously.


Message History

Aim: Grum, wielding a -1 spear and wearing a +0 animal skin (almost dead)
The air twists around and strikes Grum!
You kill Grum!
Vehumet accepts your kill.
A centaur comes into view.
The wolf barely misses you.
You don't have enough magic to cast that spell.
Aim: a wolf The zap hits the wolf.
The zap hits the hungry ghost.
The wolf barely misses you. The wolf bites you! The wolf misses you.
Aim: a wolf (moderately wounded)
The zap hits the wolf. x2; The zap hits the hungry ghost!
The wolf bites you. You block the wolf's attack.
The wolf completely misses you. The wolf barely misses you.
You don't have enough magic to cast that spell.
You barely miss the wolf.
You block the wolf's attack. x2; The wolf bites you!
The wolf bites you. The wolf barely misses you. The wolf misses you.
You miss the wolf. You block the wolf's attack. The wolf misses you.
The wolf closely misses you. x2; The wolf bites you but does no damage.
You hit the wolf. Lightning courses through the wolf!
Your peck misses the wolf. You block the wolf's attack. The wolf bites you.
The wolf bites you! The wolf bites you. The wolf bites you!
* * * LOW HITPOINT WARNING * * *
The wolf bites you!
* * * LOW HITPOINT WARNING * * *
You miss the wolf. The wolf completely misses you. The wolf closely misses you.
The wolf bites you.
* * * LOW HITPOINT WARNING * * *
The wolf barely misses you. The wolf bites you!
* * * LOW HITPOINT WARNING * * *
The wolf misses you.
You barely miss the wolf. Your kick misses the wolf.
The wolf closely misses you. The wolf misses you.
You block the wolf's attack. x2
The wolf bites you but does no damage. The wolf closely misses you.
Unknown command.
You closely miss the wolf. The wolf misses you.
The wolf bites you but does no damage. You block the wolf's attack.
The wolf misses you. x2
Unknown command.
You hit the wolf. Your kick misses the wolf.
The wolf bites you but does no damage. You block the wolf's attack.
The wolf completely misses you. You block the wolf's attack.
A jelly comes into view.
The wolf closely misses you.
Unknown command.
The jelly quivers.
You hit the wolf. Lightning courses through the wolf!
Your peck misses the wolf. The wolf barely misses you.
You block the wolf's attack. The wolf bites you.
You die...

......# ......#
.......[...J... ......#
...............
......#.................
......+.................
......#..........)......
......#.........Wc......
'######........hhh......
.....[....######@###
..........#........#
..........'........#
..........#........#
..........########.#
#+###.......... #.####
....#.......... #...[#
...รท'............#....#
..))#............#....#


You could see a hungry ghost, 3 wolves, a centaur and a jelly.

Vanquished Creatures
  Pikel (D:6)
  Joseph (D:7)
  Prince Ribbit (D:8)
  A hippogriff (D:8)
  Grum (D:8)
  Duvessa (D:7)
  2 water moccasins (D:7)
  A sky beast (D:7)
  An orc warrior (D:8)
  2 slaves (D:6)
  A necrophage (D:5)
  2 ogres
  2 centaurs
  2 big kobolds
  2 bullfrogs
  Dowan (D:7)
  6 killer bees (D:8)
  2 scorpions
  A howler monkey (D:6)
  8 crimson imps
  A bullfrog zombie (D:6)
  A quasit (D:5)
  2 jellies (D:1)
  3 hounds
  2 bullfrog skeletons
  3 orc priests
  An iguana (D:6)
  5 orc wizards
  4 worker ants
  Ijyb (D:3)
  A hound zombie (D:6)
  A worker ant zombie (D:5)
  12 adders
  A river rat (Sewer)
  A shadow imp (D:5)
  2 oozes
  An adder zombie (D:8)
  3 dart slugs
  4 worms
  7 leopard geckos
  19 orcs
  3 ball pythons
  10 bats
  12 giant cockroaches
  3 hobgoblins
  19 jackals
  2 quokkas
  A ball python skeleton (D:5)
  3 frilled lizards
  2 goblins
  2 goblin skeletons (D:5)
  2 goblin zombies (D:5)
  2 hobgoblin zombies (D:5)
  17 kobolds
  2 kobold skeletons (D:5)
  A kobold zombie (D:5)
  2 orc skeletons (D:5)
  2 orc zombies (D:5)
  13 rats
212 creatures vanquished.

Vanquished Creatures (others)
  A leopard gecko (D:6)
1 creature vanquished.

Grand Total: 213 creatures vanquished

Notes
Turn   | Place    | Note
-------+----------+-------------------------------------------
     0 | D:1      | vurker the Tengu Air Elementalist began the quest for the
                  | Orb.
     0 | D:1      | Reached XP level 1. HP: 10/10 MP: 4/4
     0 | D:1      | Noticed a jelly
     1 | D:1      | Found a runed translucent door.
     1 | D:1      | Noticed a jelly
   285 | D:1      | Reached XP level 2. HP: 12/15 MP: 1/6
   847 | D:1      | Reached XP level 3. HP: 20/20 MP: 2/7
  1721 | D:2      | Reached skill level 1 in Fighting
  1721 | D:2      | Reached XP level 4. HP: 14/25 MP: 1/8
  2001 | D:2      | Found an iron altar of Okawaru.
  2837 | D:3      | Reached skill level 1 in Shields
  2837 | D:3      | Reached skill level 5 in Air Magic
  3018 | D:3      | Gained mutation: You can fly continuously. [Tengu growth]
  3018 | D:3      | Reached XP level 5. HP: 25/29 MP: 4/10
  3019 | D:3      | Found a glowing drain.
  3028 | Sewer    | Entered a sewer
  3149 | Sewer    | Noticed a big kobold
  3178 | Sewer    | Killed a big kobold
  3295 | Sewer    | Found a white marble altar of Elyvilon.
  3348 | D:3      | Learned a level 5 spell: Lightning Bolt
  3353 | D:3      | Learned a level 4 spell: Airstrike
  3488 | D:3      | Noticed Ijyb
  4043 | D:3      | Killed Ijyb
  4043 | D:3      | Reached XP level 6. HP: 34/34 MP: 5/12
  4922 | D:5      | Entered Level 5 of the Dungeon
  5318 | D:5      | Reached skill level 6 in Air Magic
  5318 | D:5      | Reached XP level 7. HP: 32/39 MP: 0/13
  5994 | D:5      | Reached skill level 5 in Conjurations
  6236 | D:5      | Reached XP level 8. HP: 45/45 MP: 8/15
  6805 | D:5      | Found a glowing golden altar of the Shining One.
  6815 | D:5      | Reached skill level 7 in Air Magic
  8246 | D:6      | Noticed Pikel
  8253 | D:6      | Killed Pikel
  8253 | D:6      | Reached skill level 5 in Spellcasting
  8253 | D:6      | Reached skill level 8 in Air Magic
  8253 | D:6      | Reached XP level 9. HP: 51/51 MP: 0/18
  8467 | D:6      | Found a staircase to the Ecumenical Temple.
  8487 | Temple   | Entered the Ecumenical Temple
  8845 | D:6      | Found a radiant altar of Vehumet.
  8847 | D:6      | Found a burning altar of Makhleb.
  8853 | D:6      | Became a worshipper of Vehumet
  9082 | D:7      | Noticed Joseph
  9089 | D:7      | Killed Joseph
  9320 | D:7      | Got a silken robe
  9341 | D:7      | Identified the cursed +0 robe "Umewnol" {rPois Str-3 Int+2
                  | SInv} (You found it on level 7 of the Dungeon)
  9404 | D:7      | Noticed Duvessa
  9404 | D:7      | Noticed Dowan
  9410 | D:7      | Killed Duvessa
  9413 | D:7      | Killed Dowan
  9413 | D:7      | Reached skill level 9 in Air Magic
  9950 | D:7      | Found Hizipu's Serpentskin Sales.
 10682 | D:8      | Noticed Prince Ribbit
 10685 | D:8      | Killed Prince Ribbit
 10685 | D:8      | Reached skill level 10 in Air Magic
 10685 | D:8      | Reached XP level 10. HP: 58/58 MP: 8/21
 11030 | D:8      | Reached * piety under Vehumet
 11030 | D:8      | Offered knowledge of Freeze by Vehumet.
 11506 | D:8      | Found a blossoming altar of Fedhas.
 11559 | D:8      | Reached skill level 5 in Fighting
 11632 | D:8      | Noticed Grum
 11637 | D:8      | Killed Grum
 11643 | D:8      | HP: 1/59 [wolf[Grum] (11)]
 11647 | D:8      | Slain by a wolf

Levels and vault maps discovered:
D:1:      dpeg_arrival_caged_fury, layout_loops_cross
D:2:      layout_basic, okawaru_trees_1
D:3:      layout_loops_ring, nicolae_overflow_hidden_temple,
          portal_sewer_entry_d, uniq_ijyb
D:4:      layout_basic, minmay_misc_feat_secret_circle
D:5:      layout_layer_cave, nicolae_tso_besieged_by_evil, first_ration
D:6:      layout_rooms, grunt_temple_overflow_lords_of_destruction,
          minmay_temple_entry_offerings, enter_ossuary_2,
          minmay_misc_feat_alley, grunt_decor_one_mirror, uniq_pikel
D:7:      layout_basic, guppyfry_shop_venom, uniq_joseph, uniq_duvessa
D:8:      layout_gridville, kennysheep_mini_moat, uniq_grum, uniq_prince_ribbit1
Temple:   regret_index_temple_generic_petals

Skill      XL: |  1  2  3  4  5  6  7  8  9 10 |
---------------+-------------------------------+-----
Conjurations   | 2 3 4 5 7 9 |  9.7
Fighting       | 1 2 3 4 5 |  5.0
Shields        | 1 2 3 4 |  4.1
Air Magic      | 5 6 8 10 | 10.4
Spellcasting   | 3 4 5 6 7 |  7.1
Dodging        | |  2.1
Stealth        | |  2.0

Action                   |  1- 3 |  4- 6 |  7- 9 | 10-12 || total
-------------------------+-------+-------+-------+-------++-------
Melee: Unarmed           |     5 |     3 |       |       ||     8
       Kick              |     9 |     7 |     7 |     4 ||    27
       Peck              |     4 |     3 |     4 |     1 ||    12
       Short sword       |    27 |    27 |    15 |       ||    69
       Whip              |       |       |    23 |    37 ||    60
 Cast: Shock             |    55 |   123 |   221 |    23 ||   422
       Airstrike         |       |     2 |    39 |    21 ||    62
 Abil: Fly               |       |     1 |       |       ||     1
Evoke: Wand              |       |       |     5 |       ||     5
  Use: Scroll            |       |    11 |     5 |       ||    16
       Potion            |       |       |       |     2 ||     2
 Stab: Distracted        |     1 |       |       |       ||     1
       Sleeping          |       |     1 |       |       ||     1
  Eat: Chunk             |     3 |    11 |    17 |     2 ||    33
       Ration            |       |       |     1 |     1 ||     2
Armor: Robe              |     8 |    10 |    20 |    15 ||    53
Dodge: Dodged            |    32 |    27 |   100 |    90 ||   249
Block: Buckler           |     4 |     9 |    51 |    44 ||   108
